 Dungeon Crawl Stone Soup version 0.28.0-1-gb440e238dd (webtiles) character file.

Game seed: 99761667368945023

1 a3don the Sneak (level 1, 0/13 HPs)
             Began as a Barachi Wanderer on Feb 21, 2022.
             Was a Follower of Trog.
             Constricted to death by a ball python (1 damage)
             ... on level 1 of the Dungeon.
             The game lasted 00:00:55 (47 turns).

a3don the Sneak (Barachi Wanderer)                    Turns: 47, Time: 00:00:55

Health: 0/13       AC:  3    Str: 12    XL:     1   Next: 20%
Magic:  2/2        EV:  8    Int: 12    God:    Trog [*.....]
Gold:   0          SH:  0    Dex: 12    Spells: 1/2 levels left

rFire   . . .      SeeInvis .   (no weapon)
rCold   . . .      Faith    .   (no shield)
rNeg    . . .      Spirit   .   d - +0 robe
rPois   .          Reflect  .   (no helmet)
rElec   .          Harm     .   (no cloak)
rCorr   .          Rampage  .   (no gloves)
Will    .....                   c - +0 pair of boots
Stlth   ++........              (no amulet)
HPRegen 0.04/turn               (no ring)
MPRegen 0.08/turn               (no ring)

@: unable to hop, constricted, slow
A: amphibious, slowness 1, strong legs 1, +LOS
a: Hop, Renounce Religion, Berserk


You were on level 1 of the Dungeon.
You worshipped Trog.
Trog was aware of your devotion.
You visited 1 branch of the dungeon, and saw 1 of its levels.

Inventory:

Hand Weapons
 a - a +2 shortbow
Missiles
 b - 21 arrows
Armour
 c - a +0 pair of boots (worn)
 d - a +0 robe (worn)
Scrolls
 e - a scroll of enchant armour {unknown}


   Skills:
 + Level 2.0 Bows
 + Level 3.6 Stealth
 - Level 1.1 Spellcasting
 - Level 1.1 Conjurations
 + Level 1.0 Invocations
 + Level 1.1 Evocations


You had one spell level left.
You knew the following spells:

 Your Spells              Type           Power      Damage    Failure   Level
a - Foxfire               Conj/Fire      4%         2x1d4     24%         1

Your spell library contained the following spells:

 Spells                   Type           Power      Damage    Failure   Level
 Summon Small Mammal      Summ           0%         N/A       30%         1
 Mephitic Cloud           Conj/Pois/Air  1%         N/A       61%         3


Dungeon Overview and Level Annotations

Branches:
Dungeon (1/15)

Altars:
Trog


Innate Abilities, Weirdness & Mutations

You are amphibious.
You cover ground slowly.
You can hop short distances.
You have an extended range of vision and can be seen from far away.


Message History

You are too injured to fight recklessly!
You are too injured to fight recklessly!
You are too injured to fight recklessly!
You are too injured to fight recklessly!
Unknown command.
You are too injured to fight recklessly!
You are now empty-handed.
You are too injured to fight recklessly!
Okay, then.
Hop to where?
Press: ? - help, Dir - move target, p - hobgoblin Boing!
You closely miss the hobgoblin.
The hobgoblin is moderately wounded.
The hobgoblin barely misses you.
You closely miss the hobgoblin.
The hobgoblin is moderately wounded.
The hobgoblin hits you but does no damage.
You closely miss the hobgoblin.
The hobgoblin is moderately wounded.
The hobgoblin hits you.
* * * LOW HITPOINT WARNING * * *
You hit the hobgoblin. You punch the hobgoblin.
You kill the hobgoblin!
Trog accepts your kill. The ball python closely misses you.
The ball python grabs you. The ball python constricts you.
You hit the ball python.
The ball python is severely wounded.
The ball python bites you.
* * * LOW HITPOINT WARNING * * *
The ball python constricts you.
* * * LOW HITPOINT WARNING * * *
You barely miss the ball python.
The ball python is severely wounded.
The ball python barely misses you. The ball python constricts you.
You hit the ball python but do no damage.
The ball python is severely wounded.
The ball python barely misses you. The ball python constricts you.
You die...

...#.#####.#(.$# #
.#P#.P...#S#.
#.#.#.#####.#.# ####
#.#.#P#._.#.#P#.....
#.^^^..^.........#
#...............##
###..##..###.####
##S##### ##
#####@#########
#.............#
#.............#
#..######.##..#
#..#.......#..# ...
#..........# .##
#.......#..# #
#.......#..#
#...<...#..#


You could see a ball python.

Vanquished Creatures
  A hobgoblin (D:1)
1 creature vanquished.

Notes
Turn   | Place    | Note
-------+----------+-------------------------------------------
     0 | D:1      | a3don the Barachi Wanderer began the quest for the Orb.
     0 | D:1      | a3don set off with the following items: a +2 shortbow, 25
                  | arrows, a +0 pair of boots, a +0 robe; and the following
                  | spell memorised: Foxfire; and the following spells
                  | available to memorise: Mephitic Cloud
     0 | D:1      | Reached XP level 1. HP: 13/13 MP: 2/2
    13 | D:1      | Found a faded altar of an unknown god.
    19 | D:1      | Got Plato's Almanac of the Entourage
    20 | D:1      | Prayed at the altar of an unknown god.
    20 | D:1      | Became a worshipper of Trog the Wrathful
    20 | D:1      | Reached * piety under Trog
    47 | D:1      | Constricted to death by a ball python

Illustrated notes

Levels and vault maps discovered:
D:1:      lemuel_arrival_room, layout_loops_corners, serial_forest,
          infiniplex_forest_lined_room_, infiniplex_forest_zigzag_1,
          infiniplex_forest_clump_diagonal, infiniplex_forest_clump_medium,
          infiniplex_forest_zigzag_1, infiniplex_forest_end_3,
          infiniplex_forest_lined_corner, infiniplex_forest_lined_3_way,
          infiniplex_forest_clump_tiny, infiniplex_forest_clump_small,
          shapermc_ecumenical_altar_rom_forum, lemuel_flame_loot_1

Action                   || total
-------------------------++-------
Melee: Unarmed           ||     7
       Punch             ||     1
 Fire: Shortbow          ||     4
 Abil: Hop               ||     1
Armor: Robe              ||     1
Dodge: Dodged            ||     4
